 Dungeon Crawl Stone Soup version 0.27.1-3-gb3d3a73c9e (webtiles) character file.

Game seed: 17543442008338931338

263 Crumbo the Firebug (level 5, -8/28 HPs)
             Began as a Deep Elf Fire Elementalist on Oct 24, 2021.
             Mangled by Duvessa (11 damage)
             ... on level 4 of the Dungeon.
             The game lasted 00:12:16 (3484 turns).

Crumbo the Firebug (Deep Elf Fire Elementalist)     Turns: 3484, Time: 00:12:17

Health: -8/28      AC:  3    Str:  5    XL:     5   Next: 97%
Magic:  1/13       EV: 27    Int: 21    God:
Gold:   87         SH:  0    Dex: 15    Spells: 12/13 levels left

rFire    . . .     SeeInvis .   (no weapon)
rCold    . . .     Faith    .   (no shield)
rNeg     . . .     Spirit   .   g - +0 leather armour {rPois}
rPois    +         Reflect  .   (no helmet)
rElec    .         Harm     .   (no cloak)
rCorr    .         Rampage  .   (no gloves)
Will     .....                  (no boots)
Stlth    ++........             b - amulet of the acrobat
HPRegen  0.09/turn              (no ring)
MPRegen  0.13/turn              (no ring)

@: acrobatic
A: no striking features
a: no special abilities


You were on level 4 of the Dungeon.
You visited 1 branch of the dungeon, and saw 4 of its levels.

You collected 87 gold pieces.

Inventory:

Armour
 g - a +0 leather armour of poison resistance (worn)
Jewellery
 b - an amulet of the acrobat (around neck)
Scrolls
 d - a scroll of enchant weapon {unknown}
 f - a scroll of noise {unknown}
 h - 2 scrolls of identify {unknown}
 i - a scroll of amnesia {unknown}
 j - a scroll of blinking {unknown}
 k - a scroll of magic mapping {unknown}
 l - 2 scrolls of brand weapon {unknown}
 m - 2 scrolls of immolation {unknown}
Potions
 a - a potion of curing {unknown}
 c - a potion of haste {unknown}
 e - 2 potions of ambrosia {unknown}


   Skills:
 + Level 0.4 Fighting
 + Level 1.5 Armour
 + Level 3.2 Dodging
 + Level 3.5 Stealth
 + Level 0.4 Unarmed Combat
 + Level 4.5 Spellcasting
 + Level 2.5 Conjurations
 + Level 4.7 Fire Magic


You had 12 spell levels left.
You knew the following spells:

 Your Spells              Type           Power      Damage    Failure   Level
a - Foxfire               Conj/Fire      76%        2x1d7     4%          1

Your spell library contained the following spells:

 Spells                   Type           Power      Damage    Failure   Level
 Conjure Flame            Conj/Fire      19%        6-21      12%         3
 Inner Flame              Hex/Fire       14%        N/A       22%         3
 Sticky Flame             Conj/Fire      19%        2d4       38%         4
 Fireball                 Conj/Fire      9%         3d6       75%         5


Dungeon Overview and Level Annotations

Branches:
Dungeon (4/15)
 Temple: D:4-7

Altars:
Fedhas
Qazlal

Shops:
D:1 (   D:2 [

Annotations:
D:4 Dowan, Duvessa, Menkaure


Message History

Your foxfire dissipates!
The foxfire hits Menkaure.
Menkaure is burned terribly!
Menkaure is severely damaged.
Menkaure calls on the powers of darkness!
The goblin convulses!
Your body is wracked with pain!
* * * LOW HITPOINT WARNING * * *
Casting: Foxfire (safe; 4% risk of failure)
Confirm with . or Enter, or press ? or * to list all spells.
You don't have enough magic to cast this spell.
The goblin shoots a stone.
The stone completely misses you.
Menkaure calls on the powers of darkness!
Your body is wracked with pain!
* * * LOW HITPOINT WARNING * * *
The goblin shoots a stone.
The stone misses you.
Dowan, Brother of Duvessa comes into view.
He is wielding a +0 dagger.
Dowan moves out of view.
An orc and Duvessa come into view.
Duvessa shouts!
An orc comes into view. It is wielding a +0 club.
An orc comes into view. It is wielding a +0 whip.
Casting: Foxfire (safe; 4% risk of failure)
Confirm with . or Enter, or press ? or * to list all spells.
You conjure some foxfire!
The orc shouts! x3
Dowan says, "Magic and the sword, together, will defeat you."
The foxfire hits Duvessa.
Duvessa is lightly wounded.
An orc comes into view. It is wielding a +0 whip.
The foxfire hits Menkaure!
Menkaure is burned terribly!
Menkaure is almost destroyed.
The orc shouts!
You hear a shout!
A hobgoblin comes into view.
Menkaure calls on the powers of darkness!
Dowan convulses!
Your body is wracked with pain!
* * * LOW HITPOINT WARNING * * *
Dowan gestures at Duvessa while chanting.
Duvessa seems to speed up.
Dowan gestures wildly while chanting.
Dowan blinks!
Duvessa hits you with a +0 short sword!
You die...

#....# .#####....## #####
........... .....
........# #...# .......#
#...# # #.....##### #.g.#
..#####..........###...#
.......o@..# #....v..#
......oe#### #§..#
...g..eo######### #§..#
..............M.####...#
......o§.######........##
.......### ####.g.##w§.
....... #........)#§
....... #...........
....... #..........#


You could see Duvessa (fast), Dowan, 4 orcs and a hobgoblin.

Vanquished Creatures
  A necrophage (D:4)
  A hound (D:4)
  An orc priest (D:4)
  An orc wizard (D:3)
  An adder (D:3)
  An adder skeleton (D:4)
  2 worms
  3 dart slugs
  6 orcs
  4 ball pythons (D:1)
  3 endoplasms
  8 goblins
  7 hobgoblins
  3 quokkas
  5 bats
  8 kobolds
  5 rats
60 creatures vanquished.

Vanquished Creatures (others)
  172 foxfires
  7 toadstools (D:1)
179 creatures vanquished.

Grand Total: 239 creatures vanquished

Notes
Turn   | Place    | Note
-------+----------+-------------------------------------------
     0 | D:1      | Crumbo the Deep Elf Fire Elementalist began the quest for
                  | the Orb.
     0 | D:1      | Reached XP level 1. HP: 10/10 MP: 6/6
   573 | D:1      | Reached XP level 2. HP: 4/15 MP: 5/8
  1138 | D:1      | Found Xeclangu's Weapon Shop.
  1504 | D:2      | Found a faded altar of an unknown god.
  1598 | D:2      | Reached XP level 3. HP: 19/19 MP: 6/9
  1870 | D:2      | Found Most's Antique Armour Emporium.
  2475 | D:3      | Reached XP level 4. HP: 11/24 MP: 3/11
  2805 | D:3      | Found a stormy altar of Qazlal.
  3127 | D:3      | Found a blossoming altar of Fedhas.
  3327 | D:4      | Reached skill level 1 in Armour
  3407 | D:4      | Noticed a necrophage
  3419 | D:4      | Killed a necrophage
  3420 | D:4      | Reached XP level 5. HP: 20/28 MP: 8/13
  3458 | D:4      | Noticed Menkaure
  3477 | D:4      | Noticed Dowan
  3478 | D:4      | Noticed Duvessa
  3484 | D:4      | Mangled by Duvessa

Illustrated notes

Levels and vault maps discovered:
D:1:      nagdon_arrival_double_spiral, layout_basic, serial_shops,
          nicolae_lakefront_shop
D:2:      layout_loops_ring, serial_shops, nicolae_shop_statue_plus,
          hellmonk_ecumenical_altar_crossroads, nrook_mini_backslash
D:3:      layout_basic, mainiacjoe_overflow_concentric_impassable,
          mainiacjoe_overflow_alcove_4, serial_glass, glass_columns_b,
          glass_columns_a, glass_columns_b, glass_columns_a, glass_columns_b,
          glass_columns_b, glass_columns_a, glass_columns_a, serial_park_tiny_2,
          serial_bayou_pond_e
D:4:      layout_rooms, mainiacjoe_overflow_alcove_2, general_overflow_altar,
          uniq_menkaure, uniq_duvessa

Skill      XL: |  1  2  3  4 |
---------------+-------------+-----
Fire Magic     | 4 |  4.7
Stealth        | 3 |  3.5
Conjurations   | 2 |  2.5
Armour         | 1 |  1.5
Spellcasting   | 4 |  4.5
Dodging        | 3 |  3.2
Fighting       | |  0.4
Unarmed Combat | |  0.4

Action                   |  1- 3 |  4- 6 || total
-------------------------+-------+-------++-------
Melee: Unarmed           |    33 |    16 ||    49
 Cast: Foxfire           |    58 |    48 ||   106
Armor: Robe              |     1 |       ||     1
       Leather armour    |    10 |     7 ||    17
Dodge: Dodged            |    53 |    43 ||    96
